 Dungeon Crawl Stone Soup version 0.30-a0-634-g8abc85282e (webtiles) character file.

Game seed: 13290507833081760315

66591 OTABOTABOTAB the Spry (level 14, 0/73 HPs)
             Began as a Felid Summoner on Jan 15, 2023.
             Was an Initiate of Gozag.
             Shot with an arrow by a deep elf archer (30 damage)
             ... on level 1 of the Elven Halls.
             The game lasted 02:05:15 (29658 turns).

OTABOTABOTAB the Spry (Felid Summoner)             Turns: 29658, Time: 02:05:17

Health: 0/73       AC:  3    Str:  8    XL:     14   Next: 79%
Magic:  11/29      EV: 31    Int: 28    God:    Gozag
Gold:   2432       SH:  0    Dex: 17    Spells: 0/33 levels left
                                        Lives:  0   Deaths: 4

rFire   . . .      SeeInvis +    (weapon unavailable)
rCold   + . .      Faith    .    (shield unavailable)
rNeg    + . .      Spirit   .    (body armour unavailable)
rPois   .          Reflect  .    (helmet unavailable)
rElec   .          Harm     .    (cloak unavailable)
rCorr   +          Rampage  .    (gloves unavailable)
Will    ++...                    (boots unavailable)
Stlth   +                        g - amulet of magic regeneration
HPRegen 0.32/turn                u - ring "Yskiy" {rN+ rCorr Str+2 Int+6 Stlth-}
MPRegen 0.61/turn                Z - ring of wizardry {Wiz+, !d}

@: forested, quick
A: very small, claws 1, fangs 3, see invisible, speed 1, shaggy fur 3, stealthy
paws, no weapons or thrown items, no armour, multi-lived
a: Renounce Religion, Potion Petition, Call Merchant, Bribe Branch


You were on level 1 of the Elven Halls.
You worshipped Gozag.
Gozag was most pleased with you.
You visited 5 branches of the dungeon, and saw 24 of its levels.

You collected 8378 gold pieces.
You spent 1267 gold pieces at shops.
You paid 4679 gold pieces to Gozag.

Inventory:

Missiles
 f - 4 curare-tipped darts
 n - 6 throwing nets {!d}
Jewellery
 c - a ring of ice {rC+, rF-}
   (You took it off Fannar on level 1 of the Orcish Mines)
 g - an amulet of magic regeneration (around neck)
   (You found it on level 1 of the Dungeon)
 k - an amulet of reflection
   (You found it on level 8 of the Dungeon)
 p - the ring of Ru's Reproof {+Blink rElec rPois Will- Int+4}
   (You found it on level 2 of the Lair of Beasts)

   [ring of poison resistance]

   Int:       It affects your intelligence (+4).
   rElec:     It insulates you from electricity.
   rPois:     It protects you from poison.
   +Blink:    It lets you blink.
   Will:      It decreases your willpower.
 r - the amulet "Jinleit" {Reflect Fragile Will+++ MP-9 Str+7 SH+5}
   (You took it off an orc warrior on level 14 of the Dungeon)

   [amulet of reflection]

   It reflects blocked missile attacks.
   Str:       It affects your strength (+7).
   MP:        It affects your magic capacity (-9).
   Fragile:   It will be destroyed if unequipped.
   SH:        It affects your SH (+5).
   Will:      It greatly increases your willpower.
 u - the ring "Yskiy" (left paw) {rN+ rCorr Str+2 Int+6 Stlth-}
   (You bought it in a shop on level 11 of the Dungeon)

   [ring of positive energy]

   Str:       It affects your strength (+2).
   Int:       It affects your intelligence (+6).
   rN:        It protects you from negative energy.
   rCorr:     It protects you from acid and corrosion.
   Stlth:     It makes you less stealthy.
 A - a +4 ring of protection
   (You took it off Maggie on level 8 of the Dungeon)
 F - a ring of protection from fire {rF+, !d}
   (You took it off an orc wizard on level 6 of the Dungeon)
 W - a ring of willpower
   (You found it on level 13 of the Dungeon)
 Z - a ring of wizardry (right paw) {Wiz+, !d}
   (You found it on level 14 of the Dungeon)
Wands
 b - a wand of light (10)
   (You found it on level 3 of the Lair of Beasts)
 e - a wand of charming (11)
   (You found it on level 6 of the Dungeon)
 j - a wand of polymorph (6)
   (You took it off a deep elf pyromancer on level 12 of the Dungeon)
 q - a wand of flame (47)
   (You found it on level 9 of the Dungeon)
 y - a wand of mindburst (13)
   (You found it on level 4 of the Lair of Beasts)
Scrolls
 a - a scroll of fog
 d - 2 scrolls of torment {!r}
 h - 5 scrolls of amnesia
 i - 2 scrolls of poison {!r}
 s - a scroll of noise {!r}
 v - a scroll of butterflies
 x - 6 scrolls of identify {@r1}
 D - a scroll of blinking {!r}
 X - 3 scrolls of magic mapping {@r4!r}
 Y - 7 scrolls of teleportation {@r3}
Potions
 m - 8 potions of degeneration {!q}
 o - a potion of cancellation
 t - 7 potions of attraction {!q}
 z - 4 potions of magic
 B - 2 potions of brilliance
 G - 3 potions of ambrosia {!q}
 H - 5 potions of haste
 I - a potion of invisibility
 J - 5 potions of curing {@q1}
 L - 2 potions of flight
 M - 4 potions of might
 N - a potion of heal wounds {@q2}
 P - 6 potions of lignification {!q}
 R - a potion of resistance
 T - a potion of berserk rage {!q}
 U - 5 potions of mutation {!q}
Miscellaneous
 l - a condenser vane
   (You found it on level 12 of the Dungeon)
 w - a phial of floods
   (You found it on level 15 of the Dungeon)


   Skills:
 - Level 15.0 Fighting
 - Level 19.0 Dodging
 - Level 2.6 Stealth
 - Level 10.0 Spellcasting
 - Level 10.0 Hexes
 - Level 10.0 Summonings
 + Level 13.9 Translocations
 + Level 9.2 Transmutations
 + Level 10.5 Air Magic


You couldn't memorise any spells.
You knew the following spells:

 Your Spells              Type           Power      Damage    Failure   Level
a - Summon Small Mammal   Summ           100%       N/A       1%          1
b - Call Canine Familiar  Summ           63%        N/A       1%          3
c - Call Imp              Summ           63%        N/A       1%          2
d - Summon Guardian Gole  Hex/Summ       63%        N/A       1%          3
e - Summon Lightning Spi  Summ/Air       64%        N/A       1%          4
f - Summon Mana Viper     Hex/Summ       63%        N/A       1%          5
g - Summon Forest         Summ/Tloc      34%        N/A       1%          5
h - Storm Form            Tmut/Air       31%        N/A       24%         7
i - Manifold Assault      Tloc           75%        N/A       1%          4

Your spell library contained the following spells:

 Spells                   Type           Power      Damage    Failure   Level
 Blink                    Tloc           100%       N/A       0%          2
 Beastly Appendage        Tmut           100%       N/A       1%          1
 Necrotise                Necr           56%        1d6       1%          1
 Sting                    Tmut/Pois      100%       1d8       1%          1
 Ensorcelled Hibernation  Hex/Ice        84%        N/A       1%          2
 Poisonous Vapours        Pois/Air       86%        N/A       1%          2
 Wereblood                Tmut           60%        N/A       1%          2
 Ignite Poison            Fire/Tmut/Pois 31%        N/A       1%          3
 Inner Flame              Hex/Fire       42%        N/A       1%          3
 Kindle Blastsparks       Fire/Tloc/Air  100%       2d18      1%          3
 Spider Form              Tmut/Pois      39%        N/A       1%          3
 Swiftness                Air            64%        N/A       1%          3
 Vhi's Electric Charge    Tloc/Air       100%       N/A       1%          3
 Anguish                  Hex/Necr       21%        N/A       1%          4
 Fulminant Prism          Conj/Hex       21%        3d12      1%          4
 Iskenderun's Mystic Bla  Conj/Tloc      52%        2d11      1%          4
 Leda's Liquefaction      Hex/Erth       21%        N/A       1%          4
 Passage of Golubria      Tloc           75%        N/A       1%          4
 Silence                  Hex/Air        32%        N/A       1%          5
 Vampiric Draining        Necr           14%        2d7       4%          3
 Summon Cactus Giant      Summ           31%        N/A       4%          6
 Arcjolt                  Conj/Air       21%        1d31      5%          5
 Freezing Cloud           Conj/Ice/Air   16%        6-21      11%         5
 Olgreb's Toxic Radiance  Pois           14%        N/A       16%         4
 Enfeeble                 Hex            31%        N/A       22%         7
 Statue Form              Tmut/Erth      26%        N/A       34%         6
 Agony                    Necr           14%        N/A       38%         5
 Lee's Rapid Deconstruct  Erth           7%         3d6*      38%         5
 Maxwell's Capacitive Co  Air            32%        ∞         77%         8
 Lehudib's Crystal Spear  Conj/Erth      7%         10d3      100%        8
 Portal Projectile        Hex/Tloc       Unusable   N/A       N/A         3

Dungeon Overview and Level Annotations

Branches:
Dungeon (15/15)            Temple (1/1) D:6            Lair (5/5) D:11
  Swamp (0/4) Lair:2       Spider (0/4) Lair:2        Slime (0/5) Lair:5
    Orc (2/2) D:10            Elf (1/3) Orc:2        Vaults (0/5) D:13
 Depths (0/4) D:15

Altars:
Ashenzari
Cheibriados
Dithmenos
Elyvilon
Fedhas
Gozag
Hepliaklqana
Kikubaaqudgha
Makhleb
Nemelex Xobeh
Okawaru
Qazlal
Ru
Sif Muna
Trog
Uskayaw
Vehumet
Wu Jian
Xom
Yredelemnul
Zin
The Shining One

Shops:
D:1 :[   D:11 =*   Orc:1 *   Orc:2 :*([   Lair:1 :   Lair:3 ?::

Portals:
Hell: Lair:5

Annotations:
D:8 3 runed translucent doors, QueenPhoenix2107's ghost, novice TrBe


Innate Abilities, Weirdness & Mutations

You have sharp claws.
You have razor-sharp teeth.
You have supernaturally acute eyesight. (SInv)
You cover ground quickly. (Speed+)
Your thick and shaggy fur keeps you warm. (AC +3, rC+)
Your paws help you pounce on unaware monsters.
You are incapable of wielding weapons or throwing items.
You cannot wear armour.
You gain extra lives every three experience levels.


Message History

Attack!
The deep elf zephyrmancer is distracted by your dazzling golden aura.
The +2 heavy scimitar hits you!!
The deep elf zephyrmancer shouts!
You take 26 damage, and have 47/73 hp.
MASSIVE DAMAGE!!
The +2 heavy scimitar attacks as you move away!
The +2 heavy scimitar misses you. What are your orders? t - Meow!
Orders for allies: a - Attack new target. p - Attack previous target. r - Retreat! s - Stop attacking. g - Guard the area. f - Follow me.
Anything else - Cancel.
Gang up on whom?
Okay, then.
A guardian golem appears, shielding your allies.
The +2 heavy scimitar hits your mana viper!!!
Your mana viper bites the +2 heavy scimitar!
The deep elf zephyrmancer hits your guardian golem with a +0 rapier.
You now have 19/29 mp.
The +2 heavy scimitar hits your mana viper!!
Your mana viper bites the +2 heavy scimitar!
Your mana viper misses the +2 heavy scimitar.
Your guardian golem overheats!
The deep elf zephyrmancer gestures at you while chanting.
The bolt of lightning hits your guardian golem!
Your guardian golem resists.
Flame seeps out of your guardian golem.
The bolt of lightning hits your white imp!!
Your white imp dies!
Your white imp disappears in a puff of smoke!
The bolt of lightning misses you.
The bolt of lightning hits your lightning spire.
Your lightning spire completely resists.
The bolt of lightning hits your mana viper!!
Your mana viper dies!
Your mana viper disappears in a puff of smoke!
Your guardian golem disappears in a puff of smoke!
The fiery explosion engulfs the deep elf zephyrmancer!!
The fiery explosion engulfs your bat!!
Your bat dies!
Your bat's corpse disappears in a puff of smoke!
The fiery explosion engulfs your quokka!!
Your quokka dies!
Your quokka's corpse disappears in a puff of smoke!
You hear a shout!
Unknown command.
A mana viper appears with a sibilant hiss.
Your lightning spire disappears in a puff of smoke!
The deep elf zephyrmancer is no longer distracted by gold.
The +2 heavy scimitar completely misses you.
The deep elf zephyrmancer is engulfed in blazing flames.
You now have 14/29 mp.
The +2 heavy scimitar attacks as you move away!
The +2 heavy scimitar closely misses you.
Your mana viper bites the +2 heavy scimitar!
The +2 heavy scimitar turns to gold and falls from the air.
The deep elf zephyrmancer casts a spell at you.
The bolt of lightning misses you. The bolt of lightning hits you!
You hear a shout!
You take 10 damage, and have 38/73 hp.
You scratch the deep elf zephyrmancer.
The deep elf zephyrmancer mumbles some strange words.
The deep elf zephyrmancer blinks!
Your mana viper bites the deep elf zephyrmancer!
The deep elf zephyrmancer dies!
Your mana viper bites the deep elf zephyrmancer!!
The deep elf zephyrmancer dies!
Your mana viper barely misses the deep elf knight.
The deep elf knight unwields a +0 scimitar.
The deep elf knight wields a +0 longbow.
The deep elf knight shoots an arrow.
The arrow misses you.
You hear a shout!
Your mana viper disappears in a puff of smoke!
The deep elf knight shoots an arrow.
The arrow completely misses you.
A forested plane collides here with a resounding crunch!
Your dryad calls out to the forest.
The forest starts to sway and rumble!
The deep elf knight shoots an arrow.
The arrow completely misses you.
You now have 20/29 mp.
A mana viper appears with a sibilant hiss.
Branches wave dangerously above you.
The deep elf knight is hit by a branch!
The deep elf knight shoots an arrow.
The arrow misses you.
You now have 15/29 mp.
A guardian golem appears, shielding your allies.
A root smacks the deep elf knight from below!
The deep elf knight shoots an arrow.
The arrow hits you!
A deep elf archer comes into view. It is wielding a +0 dagger.
You take 14 damage, and have 30/73 hp.
You now have 13/29 mp.
Trunks creak and shift.
A tree reaches out and hits the deep elf knight!
The deep elf knight points at your dryad and mumbles some strange words.
The shard of ice misses your dryad.
The deep elf archer unwields a +0 dagger.
The deep elf archer wields a +0 longbow.
The deep elf archer shoots an arrow.
The arrow hits you!!
You die...
Your body crumbles into a pile of gold.

#......[..........#
##....8..)..8....##
###.).........###
#♣#♣#.##♣.♣♣♣.♣#####
#..................##
♣........♣.....###..###.
♣.......>.♣♣..## ##.....
##....9.......# #.####
##....S@♣#>...## ##....#
#..............###.###.#
##......h.........## .#
###♣............♣.### .#
..........R....>..## #
##♣#.....♣#...#♣##...
#.♣.^............## .
#e♣♣♣e#♣♣#.♣.♣♣#### . .#
##.####..#


You could see a deep elf archer (repels missiles), a deep elf knight
(distracted, ally target), a friendly dryad (summoned, sheltered), a friendly
mana viper (summoned, sheltered), a friendly guardian golem (summoned) and a
friendly warg (summoned, sheltered).

Vanquished Creatures (collateral kills)
  Gastronok (D:11)
  A fire giant (D:12)
  Louise (D:14)
  The ghost of Strat the Warrior, a journeyman MeCA of Lugonu (Lair:4)
  2 dire elephants (Lair:5)
  The ghost of Mostra the Thaumaturge, a journeyman DjFE of Gozag (D:14)
  Harold (Orc:1)
  Fannar (Orc:1)
  A rakshasa (D:15)
  5 hydras
  5 centaur warriors
  A catoblepas (Lair:5)
  Erica (Orc:1)
  6 boulder beetles
  7 death yaks (Lair:1)
  12 two-headed ogres
  2 dancing weapons (Elf:1)
  A tengu warrior (D:13)
  Urug (Orc:1)
  An orc high priest (D:14)
  A deep elf knight (Elf:1)
  A sixfirhy (Lair:5)
  A skeletal warrior (D:15)
  Lodul (D:11)
  A necromancer (D:15)
  2 wizards
  5 deep elf pyromancers
  9 deep elf zephyrmancers (Elf:1)
  7 orc knights
  6 manticores
  A stone giant zombie (D:15)
  A sphinx zombie (D:15)
  14 ugly things
  3 cyclopes
  An orc sorcerer (Orc:1)
  5 black mambas
  An orange demon (Lair:5)
  A smoke demon (Lair:5)
  2 torpor snails
  10 cane toads
  A gargoyle (D:12)
  3 rime drakes (Lair:5)
  Maggie (D:8)
  An unseen horror (D:10)
  Psyche (D:8)
  A freezing wraith (D:15)
  11 komodo dragons
  A yaktaur (D:12)
  2 ice devils (Lair:5)
  A red devil (Lair:5)
  A guardian mummy (D:15)
  A troll (shapeshifter) (D:15)
  3 trolls
  A tyrant leech (Lair:2)
  Prince Ribbit (D:9)
  2 dream sheep (Lair:5)
  16 blink frogs
  4 slime creatures
  2 shadows
  42 yaks
  6 wyverns
  A culicivora (Lair:2)
  4 wraiths
  6 basilisks
  3 steam dragons
  A warg (Orc:1)
  2 swamp worms (Lair:2)
  4 acid dragons
  8 vampire mosquitoes
  An acid dragon (shapeshifter) (D:10)
  4 hell hounds (Lair:5)
  15 water moccasins
  A glowing shapeshifter skeleton (D:15)
  32 orc warriors
  10 centaurs
  6 wolves
  13 ogres
  A kobold brigand (D:9)
  11 bullfrogs
  A necrophage (D:4)
  4 wights
  15 killer bees
  2 elephant simulacra (Lair:3)
  A centaur zombie (D:8)
  7 howler monkeys
  4 hounds
  A jelly (D:6)
  18 orc priests
  A gnoll bouda (Orc:1)
  Terence (D:2)
  17 orc wizards
  Natasha (thrice) (D:4)
  3 iguanas
  A polar bear simulacrum (Lair:3)
  A centaur simulacrum (D:9)
  A hound skeleton (D:4)
  A howler monkey zombie (D:8)
  8 adders
  6 gnolls
  A shadow imp (D:6)
  A white imp (D:5)
  A nameless horror (D:7)
  2 adder skeletons (D:4)
  An adder zombie (D:4)
  A worm (D:2)
  4 dart slugs
  71 orcs
  5 endoplasms
  2 giant cockroaches
  6 goblins
  6 hobgoblins
  2 jackals (D:5)
  A quokka (D:2)
  6 ball pythons
  9 bats
  2 frilled lizards
  11 kobolds
  A quokka skeleton (D:4)
  6 rats
  A bush (Lair:2)
586 creatures vanquished.

Vanquished Creatures (others)
  2 rakshasas (D:14)
  2 hydras
  3 centaur warriors
  3 boulder beetles
  4 two-headed ogres
  A death yak (Lair:1)
  A tengu warrior (D:13)
  3 deep elf knights (Elf:1)
  A flayed ghost (D:15)
  A deep elf archer (Elf:1)
  5 ugly things
  A manticore (D:8)
  A frost giant skeleton (D:15)
  3 black mambas
  A torpor snail (Lair:4)
  A gargoyle (D:10)
  A cane toad (Lair:2)
  2 komodo dragons
  An ice devil (Lair:5)
  2 polar bears
  3 trolls
  A wyvern (D:9)
  A wraith (D:13)
  10 yaks
  A steam dragon (D:6)
  3 vampire mosquitoes
  A swamp worm (Lair:2)
  2 water moccasins
  5 orc warriors (Orc:2)
  2 ogres
  2 black bears (D:5)
  2 centaurs
  A kobold brigand (D:10)
  A bullfrog (D:7)
  A gnoll sergeant (D:7)
  8 killer bees
  A spectral centaur (D:4)
  An orc priest (D:10)
  An iguana (D:5)
  2 orc wizards
  A white imp (D:8)
  2 orcs (D:6)
  49 fungi
  53 plants
  9 snaplasher vines
  19 withered plants (D:4)
221 creatures vanquished.

Grand Total: 807 creatures vanquished

Notes
Turn   | Place    | Note
-------+----------+-------------------------------------------
     0 | D:1      | OTABOTABOTAB the Felid Summoner began the quest for the
                  | Orb.
     0 | D:1      | Reached XP level 1. HP: 7/7 MP: 4/4
   265 | D:1      | Found Faqunkob's Book Shoppe.
   294 | D:1      | Trevise: HI I'm back!
   296 | D:1      | OTABOTABOTAB: hi
   515 | D:1      | Reached XP level 2. HP: 11/11 MP: 6/6
   518 | D:1      | Learned a level 2 spell: Call Imp
   531 | D:1      | Trevise: I am playing too
   531 | D:1      | OTABOTABOTAB: OK
   531 | D:1      | Trevise: That was quick
   531 | D:1      | OTABOTABOTAB: GO PLAY
   531 | D:1      | OTABOTABOTAB: I WATCH
   531 | D:1      | OTABOTABOTAB: jody and i house/apartment shopping
   531 | D:1      | Trevise: Noice
   531 | D:1      | OTABOTABOTAB: go play o watch
   531 | D:1      | Trevise: k
   756 | D:1      | Found Gurghis's Armour Boutique.
  1129 | D:2      | Noticed Terence
  1149 | D:2      | Killed Terence
  1150 | D:2      | Reached skill level 3 in Spellcasting
  1150 | D:2      | Reached XP level 3. HP: 14/14 MP: 5/8
  1154 | D:2      | Learned a level 3 spell: Call Canine Familiar
  1820 | D:3      | Reached XP level 4. HP: 18/18 MP: 5/9
  1895 | D:3      | Learned a level 3 spell: Summon Guardian Golem
  2202 | D:3      | Found a stormy altar of Qazlal.
  2333 | D:4      | Noticed a necrophage
  2351 | D:4      | Killed a necrophage
  2352 | D:4      | Reached skill level 1 in Fighting
  2352 | D:4      | Reached skill level 3 in Dodging
  2352 | D:4      | Reached skill level 1 in Hexes
  2352 | D:4      | Reached skill level 5 in Summonings
  2352 | D:4      | Reached XP level 5. HP: 22/22 MP: 7/11
  2455 | D:4      | Reached skill level 2 in Hexes
  2501 | D:4      | Noticed an ogre
  2509 | D:4      | Killed an ogre
  2510 | D:4      | Gained mutation: You are covered in thick fur. (AC +2)
                  | [Felid growth]
  2510 | D:4      | Reached XP level 6. HP: 25/25 MP: 7/12
  2724 | D:4      | Reached skill level 2 in Fighting
  2724 | D:4      | Reached skill level 4 in Dodging
  2724 | D:4      | Reached skill level 3 in Hexes
  2733 | D:4      | Noticed Natasha
  2758 | D:4      | Killed Natasha
  2909 | D:4      | Reached skill level 4 in Spellcasting
  3041 | D:4      | Found a shadowy altar of Dithmenos.
  3041 | D:4      | Found a bloodstained altar of Trog.
  3116 | D:4      | Found a blossoming altar of Fedhas.
  3285 | D:4      | Found the +4 dagger "Morg" {pain, Will+ Int+5}
  3439 | D:4      | Noticed Natasha
  3449 | D:4      | Killed Natasha
  3686 | D:4      | Noticed Natasha
  3707 | D:4      | Killed Natasha
  3753 | D:5      | Entered Level 5 of the Dungeon
  3784 | D:5      | Reached XP level 7. HP: 30/30 MP: 9/14
  3785 | D:5      | Noticed a two-headed ogre
  3824 | D:5      | Reached skill level 4 in Hexes
  3835 | D:5      | Killed a two-headed ogre
  3836 | D:5      | Reached skill level 3 in Fighting
  3836 | D:5      | Reached skill level 5 in Dodging
  3836 | D:5      | Reached skill level 5 in Spellcasting
  3836 | D:5      | Reached skill level 5 in Hexes
  3836 | D:5      | Reached skill level 6 in Summonings
  3836 | D:5      | Reached XP level 8. HP: 36/36 MP: 4/16
  3841 | D:5      | Learned a level 4 spell: Summon Lightning Spire
  3934 | D:5      | Found a white marble altar of Elyvilon.
  4065 | D:5      | Reached skill level 6 in Dodging
  4329 | D:5      | Reached skill level 4 in Fighting
  4329 | D:5      | Reached skill level 1 in Air Magic
  4726 | D:6      | Found a staircase to the Ecumenical Temple.
  4735 | Temple   | Entered the Ecumenical Temple
  4740 | Temple   | Became a worshipper of Gozag Ym Sagoz the Greedy
  4954 | D:6      | Reached skill level 2 in Air Magic
  5103 | D:6      | Reached skill level 7 in Summonings
  5103 | D:6      | Reached XP level 9. HP: 39/39 MP: 16/18
  5175 | D:6      | Reached skill level 7 in Dodging
  6005 | D:7      | HP: 7/40 [gnoll sergeant/+4 trident of protection (15)]
  6014 | D:7      | Reached skill level 5 in Fighting
  6014 | D:7      | Reached skill level 6 in Spellcasting
  6135 | D:7      | Reached skill level 3 in Air Magic
  6253 | D:7      | HP: 9/40 [themself (27)]
  6783 | D:8      | Noticed Psyche
  6820 | D:8      | Reached skill level 8 in Dodging
  6822 | D:8      | Killed Psyche
  7069 | D:8      | Found a runed translucent gate.
  7069 | D:8      | Found a runed translucent gate.
  7069 | D:8      | Found a runed translucent gate.
  7069 | D:8      | Noticed QueenPhoenix2107's ghost (novice TrBe)
  7071 | D:8      | Found a basalt altar of Yredelemnul.
  7286 | D:8      | Noticed Maggie
  7293 | D:8      | HP: 8/41 [Maggie/bolt of fire (33)]
  7303 | D:8      | Killed from afar by Maggie
  7304 | D:8      | Reached XP level 8. HP: -15/38 MP: 12/18
  7334 | D:8      | Killed Maggie
  7335 | D:8      | Reached skill level 9 in Dodging
  7335 | D:8      | Reached XP level 9. HP: 27/41 MP: 9/20
  7438 | D:8      | Identified the +1 cloak of Melancholy {Harm rF++ Regen+
                  | MP+9}
  7438 | D:8      | Noticed a manticore
  7462 | D:8      | Killed a manticore
  7463 | D:8      | Reached skill level 6 in Fighting
  7463 | D:8      | Reached skill level 8 in Summonings
  7463 | D:8      | Reached skill level 4 in Air Magic
  7515 | D:8      | Noticed a centaur warrior
  7541 | D:8      | Killed a centaur warrior
  7542 | D:8      | Reached skill level 10 in Dodging
  7542 | D:8      | Reached skill level 7 in Spellcasting
  7651 | D:8      | Found a broken altar of Ashenzari.
  8268 | D:9      | Reached XP level 10. HP: 43/46 MP: 16/21
  8321 | D:9      | Noticed Prince Ribbit
  8332 | D:9      | Killed Prince Ribbit
  8497 | D:9      | Reached skill level 11 in Dodging
  8497 | D:9      | Reached skill level 5 in Air Magic
  8576 | D:9      | Noticed a two-headed ogre
  8593 | D:9      | Killed a two-headed ogre
  8594 | D:9      | Reached skill level 7 in Fighting
  8674 | D:9      | Found a runed translucent door.
  9060 | D:9      | Reached skill level 9 in Summonings
  9291 | D:9      | Trevise: Level 10 with 47 HP
  9296 | D:9      | Trevise: Dear god
  9319 | D:9      | OTABOTABOTAB: SO MANY SUMMONS THO
  9319 | D:9      | OTABOTABOTAB: BEHOLD MY ARMY
  9322 | D:9      | Trevise: LOL
  9329 | D:9      | Trevise: You broke it
  9330 | D:9      | Reached skill level 12 in Dodging
  9355 | D:9      | OTABOTABOTAB: lol caps lock
  9444 | D:10     | Entered Level 10 of the Dungeon
  9497 | D:10     | Found an ancient bone altar of Kikubaaqudgha.
  9540 | D:10     | Found a hazy altar of Hepliaklqana.
  9611 | D:10     | Noticed a two-headed ogre
  9630 | D:10     | Killed a two-headed ogre
  9631 | D:10     | Reached skill level 8 in Spellcasting
  9632 | D:10     | Reached XP level 11. HP: 50/50 MP: 19/24
  9637 | D:10     | Noticed an entropy weaver
  9640 | D:10     | an entropy weaver changed into a boggart
  9654 | D:10     | Noticed an eight-headed hydra
  9661 | D:10     | Noticed a green ugly thing
  9664 | D:10     | Killed an eight-headed hydra
  9665 | D:10     | Reached skill level 6 in Air Magic
  9666 | D:10     | Noticed a boulder beetle
  9675 | D:10     | Killed a green ugly thing
  9683 | D:10     | Noticed a two-headed ogre
  9685 | D:10     | Noticed a two-headed ogre
  9689 | D:10     | Killed a two-headed ogre
  9690 | D:10     | Reached skill level 13 in Dodging
  9690 | D:10     | Killed a boulder beetle
  9691 | D:10     | Reached skill level 8 in Fighting
  9697 | D:10     | Killed a two-headed ogre
  9719 | D:10     | OTABOTABOTAB: BWAHAHAHAHAHAHAHAHAHAHA
  9719 | D:10     | OTABOTABOTAB: YOU CANNOT STOP THE FELINE SUMMONER OF DOOM
  9833 | D:10     | Found a staircase to the Orcish Mines.
  9875 | D:10     | OTABOTABOTAB: OH FUCK YOU GOLEM
  9875 | D:10     | Killed by an exploding themself... ignited by their inner
                  | flame
  9876 | D:10     | Reached XP level 10. HP: -18/48 MP: 13/23
  9879 | D:10     | Noticed a gargoyle
  9881 | D:10     | Trevise: oof
  9929 | D:10     | Killed a gargoyle
 10225 | D:10     | Found a radiant altar of Vehumet.
 10332 | D:10     | Reached skill level 14 in Dodging
 10477 | D:10     | Noticed a two-headed ogre
 10488 | D:10     | Killed a two-headed ogre
 10489 | D:10     | Reached skill level 10 in Summonings
 10575 | D:10     | Found a shimmering blue altar of Sif Muna.
 10828 | D:10     | Learned a level 5 spell: Summon Mana Viper
 10834 | D:10     | Learned a level 5 spell: Summon Forest
 10850 | D:11     | Noticed a boulder beetle
 10867 | D:11     | Killed a boulder beetle
 10868 | D:11     | Reached skill level 1 in Translocations
 10868 | D:11     | Reached XP level 11. HP: 52/52 MP: 18/24
 10968 | D:11     | Noticed a two-headed ogre
 10974 | D:11     | Noticed Gastronok
 10974 | D:11     | Killed a two-headed ogre
 10975 | D:11     | Reached skill level 7 in Air Magic
 10979 | D:11     | Reached skill level 2 in Translocations
 10990 | D:11     | Killed Gastronok
 10991 | D:11     | Reached skill level 9 in Spellcasting
 10991 | D:11     | Reached skill level 6 in Hexes
 10991 | D:11     | Reached skill level 3 in Translocations
 10991 | D:11     | Noticed Lodul
 10996 | D:11     | Noticed a cyan ugly thing
 10999 | D:11     | Killed Lodul
 11000 | D:11     | Reached skill level 9 in Fighting
 11014 | D:11     | Killed a cyan ugly thing
 11015 | D:11     | Reached skill level 15 in Dodging
 11330 | D:11     | Found Beil's General Store.
 11333 | D:11     | Found a staircase to the Lair.
 11512 | D:11     | Reached skill level 4 in Translocations
 11571 | D:11     | Noticed a two-headed ogre
 11576 | D:11     | Killed a two-headed ogre
 11668 | D:11     | Reached skill level 7 in Hexes
 11702 | Lair:1   | Entered Level 1 of the Lair of Beasts
 11742 | Lair:1   | Noticed a death yak
 11760 | Lair:1   | Killed a death yak
 11761 | Lair:1   | Reached skill level 5 in Translocations
 11885 | Lair:1   | Noticed a death yak
 11886 | Lair:1   | Noticed a death yak
 11889 | Lair:1   | Noticed a death yak
 11897 | Lair:1   | Noticed a death yak
 11939 | Lair:1   | Killed a death yak
 11940 | Lair:1   | Reached skill level 16 in Dodging
 11940 | Lair:1   | Gained mutation: Your thick and shaggy fur keeps you warm.
                  | (AC +3, rC+) [Felid growth]
 11940 | Lair:1   | Reached XP level 12. HP: 55/57 MP: 11/26
 12152 | Lair:1   | Killed a death yak
 12153 | Lair:1   | Reached skill level 8 in Hexes
 12153 | Lair:1   | Reached skill level 6 in Translocations
 12154 | Lair:1   | Killed a death yak
 12200 | Lair:1   | Killed a death yak
 12738 | Lair:1   | Noticed a death yak
 12738 | Lair:1   | Noticed a death yak
 12751 | Lair:1   | Noticed a death yak
 12763 | Lair:1   | Killed a death yak
 12764 | Lair:1   | Killed a death yak
 12766 | Lair:1   | Killed a death yak
 13035 | Lair:2   | Reached skill level 10 in Fighting
 13035 | Lair:2   | Reached skill level 7 in Translocations
 13047 | Lair:2   | HP: 1/58 [polar bear (18)]
 13047 | Lair:2   | Slain by a polar bear
 13048 | Lair:2   | Reached XP level 11. HP: 0/54 MP: 7/25
 13229 | Lair:2   | Reached skill level 9 in Hexes
 13232 | Lair:2   | Reached skill level 10 in Spellcasting
 13289 | Lair:2   | Found a hole to the Spider Nest.
 13494 | Lair:2   | Reached skill level 17 in Dodging
 13530 | Lair:2   | Found a staircase to the Swamp.
 13610 | Lair:2   | Noticed a four-headed hydra
 13625 | Lair:2   | Killed a four-headed hydra
 14146 | Lair:2   | Reached XP level 12. HP: 58/58 MP: 11/27
 14196 | Lair:2   | Reached skill level 8 in Translocations
 14561 | Lair:2   | Identified the ring of Ru's Reproof {+Blink rElec rPois
                  | Will- Int+4}
 14754 | Lair:3   | Reached skill level 10 in Hexes
 14958 | Lair:3   | Reached skill level 9 in Translocations
 15155 | Lair:3   | Found a frozen archway.
 15483 | Lair:3   | Found a dark tunnel.
 15713 | Lair:3   | Bought 3 scrolls of identify for 78 gold pieces
 15713 | Lair:3   | Bought a scroll of blinking for 97 gold pieces
 15713 | Lair:3   | Bought 2 scrolls of identify for 52 gold pieces
 15728 | Lair:4   | Noticed Strat's ghost (journeyman MeCA)
 16019 | Lair:4   | Found a runed translucent door.
 16248 | Lair:4   | Identified a scroll of acquirement
 16319 | Lair:4   | Acquired the Collected Works on Overcast Immolation
 16429 | Lair:4   | Reached skill level 11 in Fighting
 16434 | Lair:4   | HP: 15/60 [poisoned by a black mamba]
 16437 | Lair:4   | HP: 5/60 [poisoned by a black mamba]
 16458 | Lair:4   | Reached skill level 18 in Dodging
 16737 | Lair:4   | Noticed a boulder beetle
 16755 | Lair:4   | Killed a boulder beetle
 17138 | Lair:4   | Reached skill level 10 in Translocations
 17386 | Lair:4   | Killed Strat's ghost
 17439 | Lair:5   | Entered Level 5 of the Lair of Beasts
 17809 | Lair:5   | Reached XP level 13. HP: 63/63 MP: 13/28
 18664 | Lair:5   | Found a staircase to the Slime Pits.
 18723 | Lair:5   | Reached skill level 12 in Fighting
 18881 | Lair:5   | Reached skill level 19 in Dodging
 19439 | Lair:5   | Noticed a dire elephant
 19441 | Lair:5   | Noticed a dire elephant
 19485 | Lair:5   | Killed a dire elephant
 19599 | Lair:5   | Killed a dire elephant
 19762 | Lair:5   | Reached skill level 13 in Fighting
 19772 | Lair:5   | Learned a level 7 spell: Storm Form
 19825 | Lair:5   | Found a burning altar of Makhleb.
 19846 | Lair:5   | Reached skill level 1 in Transmutations
 20250 | Lair:5   | Found a gateway to Hell.
 20463 | Orc:1    | Entered Level 1 of the Orcish Mines
 20514 | Orc:1    | Noticed Harold
 20518 | Orc:1    | Reached skill level 2 in Transmutations
 20521 | Orc:1    | Killed Harold
 20544 | Orc:1    | Reached skill level 3 in Transmutations
 20589 | Orc:1    | Noticed Fannar
 20602 | Orc:1    | Killed Fannar
 20640 | Orc:1    | Noticed Erica
 20647 | Orc:1    | Killed Erica
 20667 | Orc:1    | Noticed Urug
 20676 | Orc:1    | Killed Urug
 20902 | Orc:1    | Found Icinux's General Store.
 20959 | Orc:2    | Entered Level 2 of the Orcish Mines
 20991 | Orc:2    | Reached XP level 14. HP: 70/70 MP: 10/29
 21068 | Orc:2    | Reached skill level 4 in Transmutations
 21131 | Orc:2    | Found a staircase to the Elven Halls.
 21232 | Orc:2    | Reached skill level 8 in Air Magic
 21857 | Orc:2    | Found Leig's Weapon Shoppe.
 21857 | Orc:2    | Found Iqugaz's Assorted Antiques.
 21859 | Orc:2    | Found Maffauh's Book Boutique.
 21861 | Orc:2    | Found Riziydur's Antique Armour Emporium.
 21868 | Orc:2    | Bought an Inescapable Atlas for 320 gold pieces
 22198 | D:11     | Bought the ring "Yskiy" {rN+ rCorr Str+2 Int+6 Stlth-} for
                  | 720 gold pieces
 22457 | D:12     | Reached skill level 5 in Transmutations
 22939 | D:12     | HP: 10/71 [boulder beetle (17)]
 23160 | D:12     | Reached skill level 14 in Fighting
 23734 | D:12     | Reached skill level 6 in Transmutations
 23805 | D:12     | Noticed a fire giant
 23822 | D:12     | Killed a fire giant
 23823 | D:12     | Reached skill level 11 in Translocations
 24336 | D:13     | Reached skill level 9 in Air Magic
 24401 | D:13     | Found a gate to the Vaults.
 25333 | D:14     | Noticed Louise
 25354 | D:14     | HP: 11/72 [centaur warrior/arrow (15)]
 25718 | D:14     | Found a runed translucent gate.
 25720 | D:14     | Reached skill level 7 in Transmutations
 25720 | D:14     | Found a runed translucent gate.
 25721 | D:14     | Found a runed translucent gate.
 25723 | D:14     | Noticed Mostra's ghost (journeyman DjFE)
 25725 | D:14     | Identified the amulet "Jinleit" {Reflect Fragile Will+++
                  | MP-9 Str+7 SH+5}
 25725 | D:14     | Killed Louise
 25729 | D:14     | Reached skill level 12 in Translocations
 25729 | D:14     | Reached XP level 15. HP: 38/76 MP: 2/30
 25902 | D:14     | Identified the +3 flail "Loffohaf" {distort, rF+++ Str-2
                  | SInv}
 26390 | D:14     | HP: 19/76 [themself (53)]
 27044 | D:14     | Killed Mostra's ghost
 27198 | D:15     | Entered Level 15 of the Dungeon
 27290 | D:15     | Reached skill level 8 in Transmutations
 27580 | D:15     | Found a staircase to the Depths.
 27720 | D:15     | Reached skill level 13 in Translocations
 27852 | D:15     | Reached skill level 10 in Air Magic
 27864 | D:15     | Reached skill level 15 in Fighting
 28666 | D:15     | Learned a level 4 spell: Manifold Assault
 28857 | Elf:1    | Entered Level 1 of the Elven Halls
 28887 | Elf:1    | HP: 5/77 [themself] (17)]
 29268 | Elf:1    | HP: 12/77 [deep elf knight/+0 short sword (23)]
 29269 | Elf:1    | Slain by a deep elf knight
 29270 | Elf:1    | Reached XP level 14. HP: -5/73 MP: 23/29
 29282 | Elf:1    | Reached skill level 9 in Transmutations
 29658 | Elf:1    | Shot with an arrow by a deep elf archer

Illustrated notes

Levels and vault maps discovered:
D:1:      evilmike_arrival_plus, layout_loops_corners, serial_shops,
          nicolae_shop_competitors_out_of_business, shop, minmay_misc_feat_rows,
          grunt_decor_fettered
D:2:      layout_rooms, uniq_terence
D:3:      layout_loops_ring, mainiacjoe_overflow_alcove_4
D:4:      layout_loops_ring, lemuel_round_altar, nicolae_overflow_two_pavilions,
          dilly_guarded_unrand_morg
D:5:      kennysheep_big_flooded_room, layout_rooms,
          nicolae_elyvilon_peaceful_grove,
          nicolae_concentric_dashed_squares_mild
D:6:      layout_basic, minmay_temple_entry_slanted, grunt_decor_junction,
          chequers_hall_statues_wall_a
D:7:      layout_rooms
D:8:      layout_basic, nicolae_yredelemnul_ghost_church,
          nicolae_ashenzari_skybound, hangedman_minor_gate_pass, uniq_psyche,
          uniq_maggie
D:9:      layout_roguey, minmay_st_funbox, minmay_misc_feat_chi,
          uniq_prince_ribbit1
D:10:     nzn_winding_woodlands_small [nzn_winding_woodlands_5x15_crooked,
          nzn_winding_woodlands_center_pierced_h,
          nzn_winding_woodlands_5x15_sidewinder], layout_irregular_city,
          nicolae_sif_muna_little_library, old_standard_altar,
          nicolae_vehumet_altar_sigil, nzn_hepliaklqana_mist_gate,
          minmay_orc_entry_temple_small
D:11:     layout_irregular_city, lair_entry_dummy, serial_shops, shop,
          uniq_gastronok, uniq_lodul
D:12:     kennysheep_green_arena, layout_irregular_city, chequers_avenue
D:13:     layout_basic, david_vaults_1
D:14:     layout_rooms, infiniplex_staircase_pool_1, serial_curves,
          eino_curves_03, eino_curves_02, biasface_ghost_orc_armoury,
          uniq_louise
D:15:     gammafunk_depths_entry_grave, layout_irregular_city,
          serial_park_tiny_1
Temple:   minmay_freezing_vapour_temple
Lair:1:   layout_roguey, grunt_megastairs_5
Lair:2:   layout_regular_city, minmay_swamp_entry_swarm,
          hellmonk_spider_entry_life_and_decay, chequers_serial_rivers_micro_a,
          worms_lemuel
Lair:3:   layout_loops_ring, portal_ice_cave_entry_ice_simulacra,
          nicolae_volcano_entry_two_sided, grunt_megastairs_3
Lair:4:   layout_regular_city, hellmonk_ghost_happy_afterlife,
          minmay_shattered_shrine
Lair:5:   evil_forest, layout_long_grid, slime_entry_1, lemuel_fruit_tree,
          infiniplex_staircase_pool_2
Orc:1:    layout_diamond_mine, serial_shops, shop, uniq_fannar, uniq_erica,
          uniq_urug, uniq_harold
Orc:2:    st_orc_rangers, layout_diamond_mine, special_room, roderic_batcave,
          minmay_orc_barracks
Elf:1:    elf_arrival_002, layout_loops_ring, enter_trove_3,
          hangedman_elf_represent, ebering_dispersal_statue_hall, uniq_nikola

Skill      XL: |  1  2  3  4  5  6  7  8  9 10 11 12 13 14 15 |
---------------+----------------------------------------------+-----
Spellcasting   | 3 4 5 7 8 10 | 10.0
Fighting       | 1 2 3 4 6 7 9 11 13 14 15 | 15.0
Dodging        | 3 4 5 9 10 14 17 18 19 | 19.0
Hexes          | 1 2 3 5 9 10 | 10.0
Summonings     | 5 6 7 8 10 | 10.0
Air Magic      | 2 4 5 7 9 10 | 10.5
Translocations | 1 5 10 12 13 | 13.9
Transmutations | 3 9 8 |  9.2
Stealth        | |  2.6

Action                   |  1- 3 |  4- 6 |  7- 9 | 10-12 | 13-15 || total
-------------------------+-------+-------+-------+-------+-------++-------
Melee: Unarmed           |       |       |     2 |     4 |     5 ||    11
       Bite              |       |       |     1 |       |       ||     1
 Cast: Summon Small Mamm |    48 |    23 |    68 |   160 |   260 ||   559
       Call Imp          |    12 |    11 |    43 |    89 |   123 ||   278
       Call Canine Famil |       |    14 |    46 |    76 |   121 ||   257
       Summon Guardian G |       |     7 |    52 |   100 |   150 ||   309
       Summon Lightning  |       |       |    13 |    93 |    94 ||   200
       Summon Mana Viper |       |       |       |    44 |    89 ||   133
       Summon Forest     |       |       |       |    13 |    47 ||    60
Invok: Call Merchant     |       |       |       |     4 |     1 ||     5
       Potion Petition   |       |       |       |       |     1 ||     1
  Use: Scroll            |       |    11 |    15 |     7 |     6 ||    39
       Potion            |       |       |     1 |     4 |     1 ||     6
 Stab: Betrayed ally     |       |       |       |     1 |       ||     1
Armor: Skin              |       |       |     4 |     5 |    11 ||    20
Dodge: Dodged            |     8 |    11 |   129 |   151 |   226 ||   525

Table legend: (Time is in decaauts)
 A = Elapsed time spent in this place.
 B = Non-inter-level travel time spent in this place.
 C = Inter-level travel time spent in this place.
 D = Time resting spent in this place.
 E = Time spent auto-exploring this place.
 F = Levels seen in this place.
 G = Mean time per level.
                   A        B        C        D        E       F      G
               +--------+--------+--------+--------+--------+-----+--------+
         Total |  26455 |  25377 |   1078 |   4081 |  14319 |  24 | 1102.3 |
       Dungeon |  16234 |  15502 |    732 |   1937 |   9218 |  15 | 1082.3 |
        Temple |      9 |      6 |      3 |      0 |      0 |   1 |    9.0 |
          Lair |   7837 |   7584 |    253 |   1468 |   4257 |   5 | 1567.4 |
  Orcish Mines |   2020 |   1931 |     89 |    567 |    750 |   2 | 1010.0 |
   Elven Halls |    353 |    353 |      0 |    109 |     92 |   1 |  353.0 |
               +--------+--------+--------+--------+--------+-----+--------+

Top non-repeatable levels by time:
  Lair:5: 2683 daAuts
    D:12: 1699 daAuts
    D:13: 1622 daAuts
  Lair:4: 1570 daAuts
   Orc:2: 1506 daAuts
  Lair:2: 1483 daAuts
    D:15: 1351 daAuts
    D:10: 1315 daAuts
     D:8: 1296 daAuts
     D:4: 1244 daAuts
    D:14: 1235 daAuts
     D:6: 1195 daAuts
  Lair:1: 1178 daAuts
     D:9: 1112 daAuts
  Lair:3: 922 daAuts

Table legend:
 A = Kills in this place as a percentage of kills in entire the game.
 B = Kills by you in this place as a percentage of kills by you in the entire game.
 C = Kills by friends in this place as a percentage of kills by friends in the entire game.
 D = Other kills in this place as a percentage of other kills in the entire game.
 E = Experience gained in this place as a percentage of experience gained in the entire game.
 F = Experience gained in this place divided by the number of levels of this place that you have seen.
                   A       B       C       D       E      F
               +-------+-------+-------+-------+-------+----------------------
         Total | 100.0 |   N/A | 100.0 | 100.0 | 100.0 | 6883.5
       Dungeon |  57.4 |   N/A |  56.5 |  63.3 |  53.7 | 5911.1
          Lair |  24.3 |   N/A |  24.3 |  24.4 |  31.3 | 10341.8
  Orcish Mines |  15.7 |   N/A |  17.0 |   7.8 |   8.6 | 7122.0
   Elven Halls |   2.5 |   N/A |   2.2 |   4.4 |   6.4 | 10583.0
               +-------+-------+-------+-------+-------+----------------------
